[Event "Early-Titled-Tuesday-Blitz-March-05-2024"]
[Site "Chess.com"]
[Date "2024.03.05"]
[Round "3"]
[White "Cheer_Down"]
[Black "Kumi29"]
[Result "0-1"]
[WhiteElo "2407"]
[BlackElo "2615"]
[TimeControl "180+1"]
[EndTime "8:31:13 PST"]
[Termination "Kumi29 won by resignation"]

1. e4 e6 2. d4 d5 3. Nc3 dxe4 4.
Nxe4 Nd7 5. Nf3 Ngf6 6. Nxf6+ Nxf6 7. g3 c5 8. Bg2 cxd4 9. Qxd4 Qxd4 10. Nxd4 Bc5 11.
Nb3 Bb6 12. a4 a6 13. Nd2 e5 14. Nc4 Bc7 15. Be3 O-O 16. O-O-O Be6 17. Nb6 Rab8 18.
h3 Bxb6 19. Bxb6 Nd7 20. Rd6 Rfc8 21. Rhd1 Nxb6 22. Rxb6 Bf5 23. c3 e4 24. g4 Be6 25.
Bxe4 Rc4 26. Rxb7 Re8 27. Bc2 h5 28. f3 hxg4 29. hxg4 g6 30. Rd4 Rxd4 31. cxd4 Rc8 32. Kd2 Bd5 33. Be4 Bxb7 34. Bxb7 Rc4 35. d5 Rxa4 36.
Kc3 Kf8 37. d6 Rf4 38. Bc6 Rf6 39. d7 Ke7 40. Ba4 Rxf3+ 41. Kd4 Rf4+ 42. Kc5 Rxa4 0-1

[Event "Early-Titled-Tuesday-Blitz-March-05-2024"]
[Site "Chess.com"]
[Date "2024.03.05"]
[Round "3"]
[White "ajeale2"]
[Black "Mikhail_Golubev"]
[Result "0-1"]
[WhiteElo "2478"]
[BlackElo "2651"]
[TimeControl "180+1"]
[EndTime "8:31:14 PST"]
[Termination "Mikhail_Golubev won by checkmate"]

1. d4 Nf6 2. Bf4 d6 3. Nc3 Nbd7 4. Nf3 c5 5. dxc5 Nxc5 6. e3 g6 7. Bc4 Bg7 8. O-O O-O 9. a4 Bd7 10. Ra3 Rc8 11. Qe2 Nfe4 12. Nxe4 Nxe4 13. c3 a6 14. a5 Rc5 15. Rfa1 Qc7 16. Bd3 Nf6 17. h3 e5 18. Bg3 e4 19. Nd4 exd3 20. Qxd3 Re8 21. Nb3 Rd5 22. Qe2 Ne4 23. Bf4 Bb5 24. Qf3 Bc6 25. Rc1 Rf5 26. Qd1 g5 27. Qg4 Qc8 28.
Bg3 h5 29. Qxh5 Nxg3 30. fxg3 Rxe3 31. Nd4 Rxg3 32. Nxf5 Rxg2+ 33. Kf1 Qxf5+ 34. Ke1 Qf2+ 35. Kd1 Qd2# 0-1

[Event "Early-Titled-Tuesday-Blitz-March-05-2024"]
[Site "Chess.com"]
[Date "2024.03.05"]
[Round "3"]
[White "scarabee43"]
[Black "Hongjin"]
[Result "0-1"]
[WhiteElo "2892"]
[BlackElo "2684"]
[TimeControl "180+1"]
[EndTime "8:31:15 PST"]
[Termination "Hongjin won by resignation"]

1. Nf3 d5 2. e3 e6 3. c4 Nf6 4.
Nc3 Be7 5. b3 c5 6. Bb2 Nc6 7.
cxd5 exd5 8. d4 Bg4 9. Be2 O-O 10. O-O Re8 11. dxc5 Bxc5 12. Rc1 Bb6 13. Na4 Ne4 14. Nxb6 axb6 15. a3 Qd7 16. Rc2 Rad8 17. Qa1 Bxf3 18.
Bxf3 d4 19. Rc4 b5 20. Rcc1 Nd2 21.
Bxc6 bxc6 22. Bxd4 Nxb3 23. Qc3 Nxc1 24. Rxc1 Re6 25.
h4 f6 26. Qb3 Qd5 27. Qb4 Qe4 28. h5 Rd5 29. h6 gxh6 30. Qa5 Rg5 31. f3 Qxf3 32.
Qd8+ Kg7 33. Qd7+ Kg6 34. Rc2 Qd1+ 35. Kf2 Qxc2+ 0-1

[Event "Early-Titled-Tuesday-Blitz-March-05-2024"]
[Site "Chess.com"]
[Date "2024.03.05"]
[Round "3"]
[White "Al_Shima"]
[Black "xasid81"]
[Result "1-0"]
[WhiteElo "2432"]
[BlackElo "2573"]
[TimeControl "180+1"]
[EndTime "8:31:15 PST"]
[Termination "Al_Shima won by resignation"]

1. e4 c6 2. Nf3 d6 3. Nc3 Nf6 4. d4 Bg4 5. h3 Bxf3 6. Qxf3 e5 7. dxe5 dxe5 8. Bc4 Bb4 9. Bd2 O-O 10. a3 Ba5 11. Bg5 Bxc3+ 12. bxc3 Nbd7 13. O-O Qe7 14. Rad1 Rfd8 15. Rd2 Nc5 16. Re2 Ne6 17. Bxe6 Qxe6 18. Qe3 b6 19. f4 exf4 20. Qxf4 Rd7 21. Bxf6 Qxf6 22. Qxf6 gxf6 23. Rxf6 c5 24. e5 Re8 25. Kf2 Kg7 26. Rf4 Re6 27. Kf3 Rde7 28. Rfe4 Rd7 29.
R4e3 Kf8 30. Rd3 Ke7 31. Rxd7+ Kxd7 32. Kf4 Kc6 33. Kf5 Kb5 34. Rd2 Re7 35. Re2 Ka4 36.
Kf6 Rc7 37. Rd2 Kxa3 38. Rd8 a5 39. Rh8 Kb2 40. Rxh7 a4 41. e6 Rc6 42. Rxf7 a3 43.
Ra7 a2 44. Kf7 a1=Q 45. Rxa1 Kxa1 46. e7 Rc8 47. e8=Q Rxe8 48. Kxe8 Kb2 49. h4 Kxc2 50.
h5 Kxc3 51. h6 c4 52. h7 Kd2 53. h8=Q c3 54. Qd4+ 1-0

[Event "Early-Titled-Tuesday-Blitz-March-05-2024"]
[Site "Chess.com"]
[Date "2024.03.05"]
[Round "3"]
[White "Joachim100x"]
[Black "NM_Antelacus"]
[Result "0-1"]
[WhiteElo "2460"]
[BlackElo "2273"]
[TimeControl "180+1"]
[EndTime "8:31:15 PST"]
[Termination "NM_Antelacus won on time"]

1. e4 c5 2. Nf3 Nc6 3. c3 Nf6 4. e5 Nd5 5. d4 cxd4 6. cxd4 g6 7. Bc4 Nb6 8. Bb3 Bg7 9. Nc3 O-O 10. O-O d5 11.
exd6 Qxd6 12. Be3 Bg4 13. h3 Bxf3 14. Qxf3 Nxd4 15. Bxd4 Qxd4 16. Qxb7 e6 17. Rad1 Qf4 18. Qf3 Qxf3 19. gxf3 Rfd8 20. Rfe1 Kf8 21. Kf1 Ke7 22. Ke2 Rxd1 23. Rxd1 Rd8 24. Rxd8 Kxd8 25. Kd3 Ke7 26. a4 a6 27. a5 Nd7 28. Bc4 Kd6 29. Ne4+ Kc6 30. Bxa6 Bxb2 31. Kc4 Ne5+ 32. Kb4 Bd4 33.
Bb5+ Kd5 34. Nf6+ Kd6 35. Nxh7 Nxf3 36. Be2 Ng1 37. Ng5 Nxe2 38. Nxf7+ Kd5 39. f3 Ng1 40. Ng5 Be3 41. Ne4 Nxf3 42. Nf6+ Kc6 43. Ng4 Bd4 44. Kc4 e5 45. Kd3 Ng5 46. Nf6 Nxh3 47. a6 Kb6 48. Nd7+ Kxa6 49. Nf8 Nf4+ 50. Ke4 Kb5 0-1

[Event "Early-Titled-Tuesday-Blitz-March-05-2024"]
[Site "Chess.com"]
[Date "2024.03.05"]
[Round "3"]
[White "Matols"]
[Black "ZCorrales"]
[Result "1-0"]
[WhiteElo "2398"]
[BlackElo "2149"]
[TimeControl "180+1"]
[EndTime "8:31:15 PST"]
[Termination "Matols won on time"]

1. d4 d5 2. c4 e6 3. Nf3 Nf6 4. g3 Be7 5. Bg2 O-O 6. O-O dxc4 7. Qc2 c5 8. dxc5 Bxc5 9. Qxc4 Be7 10. Nc3 Nc6 11.
Rd1 Qa5 12. Bd2 Qb4 13. Qxb4 Bxb4 14. Nb5 Bxd2 15. Rxd2 a6 16. Nd6 e5 17. Rad1 Rb8 18. Nxc8 Rbxc8 19. e3 h6 20. Nh4 g6 21. Rd6 Kg7 22.
Bxc6 Rxc6 23. Rxc6 bxc6 24. Rd6 Rb8 25. b3 Rb6 26.
Nf3 Ne4 27. Rd7 Rb5 28. Rc7 Rc5 29. Ra7 Rc1+ 30. Kg2 Rc2 31. Nxe5 Rxf2+ 32. Kg1 Rxa2 33. Rxf7+ Kg8 34. Rc7 Ra1+ 35. Kg2 Ra2+ 36. Kf3 Nd2+ 37. Kg4 Nxb3 38. Nxg6 Rxh2 39. Nf4 c5 40. Nh5 Re2 41.
Nf6+ Kf8 42. e4 Rf2 43. e5 Re2 44. Kf5 Nd4+ 45. Kg6 1-0

[Event "Early-Titled-Tuesday-Blitz-March-05-2024"]
[Site "Chess.com"]
[Date "2024.03.05"]
[Round "3"]
[White "Lennis93"]
[Black "wonderfultime"]
[Result "0-1"]
[WhiteElo "2720"]
[BlackElo "3029"]
[TimeControl "180+1"]
[EndTime "8:31:16 PST"]
[Termination "wonderfultime won on time"]

1. Nf3 Nf6 2. d4 d5 3. g3 Bf5 4.
Bg2 e6 5. Nh4 Be4 6. f3 Bg6 7.
Nxg6 hxg6 8. c4 c5 9. cxd5 Nxd5 10. e4 Nb6 11. Be3 cxd4 12. Qxd4 Nc6 13. Qxd8+ Rxd8 14. Nd2 Nb4 15. Bxb6 axb6 16. Ke2 Nc2 17. Rad1 Nd4+ 18.
Kf1 Bc5 19. f4 Ke7 20. Nf3 Nc2 21. Ke2 Rxd1 22. Rxd1 Ne3 23. Rg1 Nc4 24. Rb1 b5 25. a3 Rd8 26. Bf1 Bb6 27. Ke1 Ba5+ 28. b4 Nxa3 29. Rb3 Bxb4+ 30. Kf2 Bc5+ 31. Kg2 b4 32.
Ne5 Rd2+ 33. Kh3 Nc2 0-1

[Event "Early-Titled-Tuesday-Blitz-March-05-2024"]
[Site "Chess.com"]
[Date "2024.03.05"]
[Round "3"]
[White "Khromkin"]
[Black "klercaku"]
[Result "1-0"]
[WhiteElo "2408"]
[BlackElo "2175"]
[TimeControl "180+1"]
[EndTime "8:31:16 PST"]
[Termination "Khromkin won on time"]

1. d4 d5 2. c4 e6 3. Nc3 Nf6 4. Bg5 Nbd7 5. e3 Be7 6. Nf3 O-O 7.
Qc2 a6 8. cxd5 exd5 9. Bd3 Re8 10. Ne5 Nf8 11. O-O h6 12. Bh4 c6 13. f4 Ne4 14.
Bxe7 Qxe7 15. Nxe4 dxe4 16. Bc4 Be6 17. Bxe6 Qxe6 18.
f5 Qd5 19. f6 Nd7 20. Nxd7 Qxd7 21. fxg7 Re6 22. Rf4 Rae8 23. Raf1 R8e7 24. Qf2 Rg6 25. Qh4 Qe6 26. Rf6 Qd7 27. Rxg6 fxg6 28. Qxh6 Rxg7 29. Rf4 Qe7 30. Qh3 a5 31. Qc8+ Kh7 32. Rf8 Kh6 33.
Qh3+ Kg5 34. Rf4 1-0

[Event "Early-Titled-Tuesday-Blitz-March-05-2024"]
[Site "Chess.com"]
[Date "2024.03.05"]
[Round "3"]
[White "biostatistician"]
[Black "GilbertoHernandezAmura"]
[Result "1-0"]
[WhiteElo "2612"]
[BlackElo "2434"]
[TimeControl "180+1"]
[EndTime "8:31:17 PST"]
[Termination "biostatistician won by resignation"]

1. d4 Nf6 2. Nf3 c5 3. d5 e6 4.
c4 exd5 5. cxd5 d6 6. e4 g6 7.
Nc3 Bg7 8. h3 O-O 9. Bd3 Na6 10.
O-O Nc7 11. Re1 a6 12. a4 Re8 13. Bf4 Rb8 14. a5 b5 15. axb6 Rxb6 16. Qc2 Bd7 17.
Rad1 Qb8 18. Re2 Nh5 19. Bh2 Bb5 20. e5 Bxd3 21. Rxd3 c4 22. Rdd2 dxe5 23. Nxe5 Qd8 24. Nc6 Qd7 25. Bxc7 Rxe2 26. Bxb6 Re1+ 27. Kh2 Qd6+ 28.
g3 f5 29. Re2 Ra1 30. Re8+ Kf7 31. Re7+ Kg8 32. Qe2 h6 33. Qe6+ Qxe6 34. dxe6 f4 35. Re8+ Kh7 36. e7 fxg3+ 37. fxg3 Re1 38. Bc5 Nf6 39. Rf8 Bxf8 40. exf8=Q 1-0

[Event "Early-Titled-Tuesday-Blitz-March-05-2024"]
[Site "Chess.com"]
[Date "2024.03.05"]
[Round "3"]
[White "ivanquiroga"]
[Black "Rikikits"]
[Result "0-1"]
[WhiteElo "2549"]
[BlackElo "2837"]
[TimeControl "180+1"]
[EndTime "8:31:18 PST"]
[Termination "Rikikits won on time"]

1. d4 d5 2. c4 e6 3. Nc3 Nf6 4. cxd5 Nxd5 5. e4 Nxc3 6. bxc3 c5 7. Nf3 cxd4 8. cxd4 Bb4+ 9. Bd2 Bxd2+ 10. Qxd2 O-O 11.
Bd3 b6 12. O-O Bb7 13. Rfe1 Nd7 14. e5 Bxf3 15. gxf3 Rc8 16. Qf4 b5 17. Kh1 f5 18.
Rg1 Nb6 19. Qg3 Qe7 20. Bxb5 Rfd8 21. Ba6 Rc3 22. Rac1 Rxc1 23. Rxc1 g6 24. Rd1 Nd5 25.
Bc4 Kg7 26. Bxd5 Rxd5 27. Qf4 Qd8 28. h4 a5 29. Kg2 a4 30. a3 h6 31. Kg3 g5 32.
hxg5 hxg5 33. Qd2 Kg6 34. f4 g4 35. Kg2 Rd7 36. f3 Qa8 37. Qe3 Rh7 38. Rh1 gxf3+ 0-1

[Event "Early-Titled-Tuesday-Blitz-March-05-2024"]
[Site "Chess.com"]
[Date "2024.03.05"]
[Round "3"]
[White "laziestwin"]
[Black "RCone"]
[Result "0-1"]
[WhiteElo "2586"]
[BlackElo "2447"]
[TimeControl "180+1"]
[EndTime "8:31:18 PST"]
[Termination "RCone won by resignation"]

1. d4 d6 2. e4 Nf6 3. Nc3 g6 4. f4 Bg7 5. Nf3 O-O 6. Bd3 Na6 7. O-O c5 8. Bxa6 cxd4 9. Nxd4 bxa6 10. Kh1 Bb7 11.
Qd3 Rc8 12. Be3 Rxc3 13. Qxc3 Nxe4 14. Qb3 Qc7 15. Rad1 Rb8 16. Qd3 e6 17. b3 h5 18. c4 h4 19. Bg1 Bf6 20. Rfe1 Nc5 21. Qh3 Kg7 22. Nf3 Ne4 23. Rd3 Rh8 24. Rde3 Ng3+ 25.
hxg3 hxg3 26. Qxh8+ Kxh8 27. Ng5 Bxg5 28. fxg5 d5 29.
c5 Qf4 30. Bh2 gxh2 31. Rc3 Bc6 32. Rf3 Qd2 33. Ref1 Be8 34. c6 Qc2 35. Rh3+ Kg7 36. Kxh2 Qxc6 37. Rh1 Kf8 38. Kg3 Qc3+ 39. Kg4 Qd4+ 40.
Kg3 Qe3+ 41. Kg4 Qe2+ 42. Kf4 e5+ 43. Kg3 Bd7 44. Rh8+ Ke7 45. Ra8 Qe3+ 46. Kh2 Kd6 47. Rf1 Be6 48. Rf6 Qxg5 49. Rxa7 Qxf6 0-1

[Event "Early-Titled-Tuesday-Blitz-March-05-2024"]
[Site "Chess.com"]
[Date "2024.03.05"]
[Round "3"]
[White "tolimachess"]
[Black "publicaccountcze"]
[Result "1-0"]
[WhiteElo "2433"]
[BlackElo "2217"]
[TimeControl "180+1"]
[EndTime "8:31:18 PST"]
[Termination "tolimachess won by resignation"]

1. e4 c5 2. Nf3 e6 3. c4 Qc7 4.
Nc3 b6 5. Be2 a6 6. O-O Bb7 7.
d4 cxd4 8. Nxd4 Nf6 9. Qd3 d6 10.
f3 Be7 11. Be3 O-O 12. Rfc1 Kh8 13. a4 Nc6 14. Qd2 Rac8 15. Rab1 Qb8 16. b4 d5 17.
cxd5 exd5 18. Nxc6 Bxc6 19. exd5 Bb7 20. Bxb6 Bxd5 21.
Bf2 Rfd8 22. Nxd5 Nxd5 23. Bxa6 Rxc1+ 24. Qxc1 Nxb4 25. Qc4 Qd6 26. Bb5 f6 27. Re1 Bf8 28. a5 Qd2 29. a6 Nc2 30. Rf1 Ne3 31. Bxe3 Qxe3+ 32. Kh1 Bc5 33. Bc6 h6 34. Qe4 Qf2 35. Qb1 Rd1 36. Qxd1 Qxf1+ 37. Qxf1 1-0

[Event "Early-Titled-Tuesday-Blitz-March-05-2024"]
[Site "Chess.com"]
[Date "2024.03.05"]
[Round "3"]
[White "UK_23"]
[Black "Dale"]
[Result "0-1"]
[WhiteElo "2357"]
[BlackElo "2103"]
[TimeControl "180+1"]
[EndTime "8:31:18 PST"]
[Termination "Dale won by resignation"]

1. e4 c5 2. Nf3 d6 3. d4 cxd4 4. Qxd4 Nc6 5. Qe3 Nf6 6. h3 e5 7.
Be2 d5 8. exd5 Nxd5 9. Qb3 Bb4+ 10. c3 Be7 11. O-O Nb6 12. Rd1 Qc7 13. Ng5 O-O 14. Be3 h6 15. Ne4 Be6 16. Qc2 Rad8 17. Nc5 Rxd1+ 18.
Qxd1 Bc8 19. Nd2 Rd8 20. Qc2 Nd5 21. Ndb3 Nxe3 22. fxe3 b6 23. Ne4 Nb4 24. Qb1 Nd5 25. Qc1 f5 26. Ng3 a5 27. a4 e4 28. Nh5 Bg5 29.
Nf4 Bxf4 30. exf4 Nxf4 31. Bf1 Nd3 32. Qc2 Be6 33. Nd2 Qc5+ 34. Kh2 Qf2 35. Rd1 f4 36. Nxe4 Qxc2 37. Rxd3 Rxd3 0-1

[Event "Early-Titled-Tuesday-Blitz-March-05-2024"]
[Site "Chess.com"]
[Date "2024.03.05"]
[Round "3"]
[White "FoxOnTheRun97"]
[Black "Bauman_Guy"]
[Result "0-1"]
[WhiteElo "2635"]
[BlackElo "2916"]
[TimeControl "180+1"]
[EndTime "8:31:20 PST"]
[Termination "Bauman_Guy won by checkmate"]

1. d4 Nf6 2. Bg5 Ne4 3. h4 d5 4. Nd2 Nxg5 5. hxg5 c5 6. e3 Nc6 7.
c3 e5 8. dxe5 Nxe5 9. Ngf3 Nxf3+ 10. Nxf3 Be7 11. Bd3 g6 12. Bb5+ Kf8 13. b4 Qc7 14.
bxc5 Bxc5 15. Qxd5 Be6 16. Qe5 Qxe5 17. Nxe5 Ke7 18. Ke2 a6 19. Bc4 Rac8 20. Bxe6 Kxe6 21. Nd3 Be7 22. Nf4+ Kf5 23. Nd5 Bxg5 24. Rab1 Rhd8 25. Kf3 Ke5 26. Nf4 Rxc3 27. Ne2 Rc2 28. Rxb7 Rdd2 29. Re1 f5 30. a4 Ra2 31. Rxh7 Bd8 32. Ra7 g5 33. g4 Rxa4 34. gxf5 g4+ 35. Kg2 Bb6 36. Ng3 Bxa7 37. Rc1 Raa2 38. Nh1 Kxf5 39. Rc6 Bxe3 40. Rc7 Bf4 41. Rf7+ Ke4 42. Re7+ Kd5 43. Rg7 g3 44. Nxg3 Rxf2+ 45. Kh3 Rh2+ 46. Kg4 Bxg3 47. Ra7 Bd6 48. Kf3 Rhf2+ 49. Kg4 Ra3 50. Rb7 Rg3+ 51. Kh4 Rh2# 0-1

[Event "Early-Titled-Tuesday-Blitz-March-05-2024"]
[Site "Chess.com"]
[Date "2024.03.05"]
[Round "3"]
[White "PositionalPanther"]
[Black "Masterbeaterr"]
[Result "1-0"]
[WhiteElo "2616"]
[BlackElo "2444"]
[TimeControl "180+1"]
[EndTime "8:31:20 PST"]
[Termination "PositionalPanther won by resignation"]

1. d4 d5 2. Nf3 Nf6 3. c3 e6 4.
Bf4 Bd6 5. e3 O-O 6. Bg3 c5 7.
Nbd2 Nc6 8. Ne5 Bxe5 9. dxe5 Nd7 10. Nf3 Qc7 11. Bd3 Ndxe5 12. Nxe5 Nxe5 13. Bxh7+ Kxh7 14. Qh5+ Kg8 15. Bxe5 Qe7 16. Bg3 Bd7 17. h4 f6 18.
Qg6 Qf7 19. Qc2 e5 20. h5 Rad8 21. O-O-O Be6 22. h6 g6 23. h7+ Kh8 24. Rh6 Bf5 25. Qa4 b6 26. f3 c4 27. Rh4 g5 28. Rh6 Kg7 29. Rdh1 Rh8 30. Qc6 Rxh7 31. Rxh7+ Bxh7 32. Bxe5 fxe5 33. Qh6+ Kg8 34. Qxg5+ Qg6 35. Qxd8+ Kg7 36. Qe7+ Kg8 37. Qxh7+ Qxh7 38. Rxh7 Kxh7 39. f4 Kg6 40. fxe5 Kf5 41. Kd2 Kxe5 42. Ke2 Kf5 43. Kf3 b5 44. g4+ Ke5 45. a3 a5 46. Ke2 Ke4 47.
Kf2 Ke5 48. Kf3 Kf6 49. Kf4 Ke6 50. g5 1-0

[Event "Early-Titled-Tuesday-Blitz-March-05-2024"]
[Site "Chess.com"]
[Date "2024.03.05"]
[Round "3"]
[White "aljado"]
[Black "Hui_Li_Macau"]
[Result "0-1"]
[WhiteElo "2057"]
[BlackElo "2392"]
[TimeControl "180+1"]
[EndTime "8:31:20 PST"]
[Termination "Hui_Li_Macau won on time"]

1. e4 e5 2. Nf3 Nf6 3. Nxe5 d6 4. Nf3 Nxe4 5. c4 Nc6 6. d4 d5 7. Bd3 Bb4+ 8. Nbd2 Bf5 9. O-O Nxd2 10. Bxf5 Nxf1 11.
Qb3 dxc4 12. Qxc4 Bd6 13. Bg5 Ne7 14. Rxf1 h6 15. Bxe7 Bxe7 16. Ne5 Rf8 17. Bd7+ Qxd7 18. Nxd7 Kxd7 19. Qd5+ Bd6 20. Qxb7 Rab8 21. Qxa7 Rxb2 22. Qa4+ Kd8 23. g3 Rb4 24. Qc6 Rb6 25. Qa8+ Kd7 26. Qa4+ Ke7 27. Re1+ Kf6 28. d5 Rb4 29. Qc6 g6 30. Qc3+ Kf5 0-1

[Event "Early-Titled-Tuesday-Blitz-March-05-2024"]
[Site "Chess.com"]
[Date "2024.03.05"]
[Round "3"]
[White "Egor_Koshulyan"]
[Black "evgchess5"]
[Result "1-0"]
[WhiteElo "2716"]
[BlackElo "2937"]
[TimeControl "180+1"]
[EndTime "8:31:21 PST"]
[Termination "Egor_Koshulyan won on time"]

1. f4 d5 2. Nf3 Nf6 3. g3 g6 4.
Bg2 Bg7 5. O-O O-O 6. d3 c5 7. Ne5 Nfd7 8. Nxd7 Qxd7 9. e4 dxe4 10. dxe4 Nc6 11.
c3 Qxd1 12. Rxd1 Bg4 13. Re1 Rad8 14. Be3 b6 15. Nd2 e5 16. f5 gxf5 17. h3 f4 18.
gxf4 exf4 19. Bxf4 Be6 20. Nf3 h6 21. Nh4 Ne5 22.
Re2 Bc4 23. Rc2 Ng6 24. Bg3 Kh7 25. Nf5 Be5 26. Rf2 Bxg3 27. Nxg3 Ne5 28. Nh5 Be6 29. Nf6+ Kh8 30. Nd5 Rg8 31. Kh2 Rg5 32. Rf6 Kg7 33.
Raf1 Rg6 34. R6f2 Rg5 35. Rf6 Rg6 36. R6f2 Rg5 37. Re2 c4 38. b3 Rc8 39. Re3 Re8 40. Nf6 Rd8 41. Nd5 Rg6 42. Nf4 Rg5 43. Nxe6+ fxe6 44. bxc4 1-0

[Event "Early-Titled-Tuesday-Blitz-March-05-2024"]
[Site "Chess.com"]
[Date "2024.03.05"]
[Round "3"]
[White "Chernov_Alexander_A"]
[Black "Happy1712Drummer"]
[Result "1-0"]
[WhiteElo "2337"]
[BlackElo "2311"]
[TimeControl "180+1"]
[EndTime "8:31:22 PST"]
[Termination "Chernov_Alexander_A won on time"]

1. d4 d5 2. Nf3 c5 3. c4 Nf6 4.
cxd5 Nxd5 5. e4 Nf6 6. d5 e6 7.
Nc3 exd5 8. e5 Ne4 9. Nxd5 Nc6 10. Bc4 Be6 11. O-O Be7 12. Re1 Bf5 13. Nxe7 Qxe7 14.
Bd5 Rd8 15. Qb3 c4 16. Qxc4 Nc5 17. Be3 Ne6 18. Bxc6+ bxc6 19. Qxc6+ Rd7 20. Rad1 Nd8 21. Qa4 O-O 22. Rxd7 Bxd7 23. Qxa7 Nc6 24. Qc5 Qe6 25. Qd6 Qg4 26. h3 Qb4 27. Qxd7 Nxe5 28. Qd1 Nxf3+ 29. gxf3 g6 30. Qd2 Qh4 31. Kg2 Rc8 32. Bg5 Qa4 33. Qf4 Qa5 34. Re7 Qb6 35. Qxf7+ 1-0

[Event "Early-Titled-Tuesday-Blitz-March-05-2024"]
[Site "Chess.com"]
[Date "2024.03.05"]
[Round "3"]
[White "crazy_m_attack"]
[Black "SlavenPastar"]
[Result "1-0"]
[WhiteElo "2487"]
[BlackElo "2628"]
[TimeControl "180+1"]
[EndTime "8:31:23 PST"]
[Termination "crazy_m_attack won on time"]

1. e4 b6 2. d4 Bb7 3. Nc3 e6 4. a3 d6 5. Bd3 Nd7 6. Nf3 g6 7.
O-O Bg7 8. Re1 Ne7 9. Be3 O-O 10. Qd2 Re8 11. Bh6 Bh8 12. Rad1 a6 13. Ne2 c5 14. c3 b5 15. Ng3 Qb6 16. Bb1 c4 17.
Qf4 e5 18. Qh4 f6 19. Qg4 Nf8 20. Nf5 Bc8 21. Qg3 Kf7 22. Nxe7 Rxe7 23. Be3 Qc7 24. h4 h5 25. Nh2 Bg7 26. Bc1 Ne6 27. Nf1 Bb7 28. f4 Rg8 29. fxe5 fxe5 30. d5 Nc5 31. Nd2 Ke8 32. Qxg6+ Kd8 33. Nf3 Qd7 34. Bg5 1-0

[Event "Early-Titled-Tuesday-Blitz-March-05-2024"]
[Site "Chess.com"]
[Date "2024.03.05"]
[Round "3"]
[White "carlocapau"]
[Black "YurasovMat-2012"]
[Result "0-1"]
[WhiteElo "2435"]
[BlackElo "2612"]
[TimeControl "180+1"]
[EndTime "8:31:23 PST"]
[Termination "YurasovMat-2012 won by checkmate"]

1. d4 d5 2. c4 c6 3. Nf3 Nf6 4. Nc3 dxc4 5. a4 Bf5 6. Ne5 e6 7. f3 Bb4 8. e4 Bxe4 9. fxe4 Nxe4 10. Bd2 Qxd4 11. Nxe4 Qxe4+ 12. Qe2 Bxd2+ 13. Kxd2 Qd5+ 14. Kc2 Na6 15. Nxc4 O-O 16. Qf3 Qc5 17. Qe3 Qf5+ 18. Kc3 Rfd8 19. Bd3 Qf6+ 20. Qe5 Qe7 21. Rhd1 Rd5 22.
Qe4 f5 23. Qe3 Rad8 24. Be2 Nb4 25. Kb3 Na6 26. Rxd5 cxd5 27. Na3 d4 28. Qf4 Qb4+ 29. Ka2 d3 30. Qg5 Qd6 31. Rd1 Nb4+ 32. Kb3 a5 33. Nc4 Qd4 34. Bf3 Rc8 35. Rc1 d2 36. Qe7 dxc1=N+ 37. Ka3 Qd3+ 38. b3 Qxb3# 0-1

[Event "Early-Titled-Tuesday-Blitz-March-05-2024"]
[Site "Chess.com"]
[Date "2024.03.05"]
[Round "3"]
[White "amylazy"]
[Black "rnanjo"]
[Result "1-0"]
[WhiteElo "2407"]
[BlackElo "2566"]
[TimeControl "180+1"]
[EndTime "8:31:24 PST"]
[Termination "amylazy won by checkmate"]

1. d4 Nf6 2. Nf3 d5 3. c4 e6 4. g3 Be7 5. Bg2 O-O 6. O-O dxc4 7. Ne5 Nd5 8. Nxc4 b5 9. Ne5 Bb7 10. Qb3 a6 11. e4 Nf6 12. Qe3 Nbd7 13. Nxd7 Qxd7 14.
Nc3 Rfd8 15. Rd1 b4 16. Ne2 c5 17. b3 cxd4 18. Rxd4 Qb5 19. Bb2 Bc5 20. Rxd8+ Rxd8 21. Bd4 Ng4 22. Qg5 f6 23. Qxg4 Bxd4 24. Nxd4 Rxd4 25. Qxe6+ Kf8 26. e5 Bxg2 27. exf6 Qb7 28. fxg7+ Kxg7 29. Qe5+ Kg8 30. Qxd4 Bh1 31. Qg4+ Kh8 32. f3 Bxf3 33. Qd4+ Kg8 34. Re1 Bh1 35. Qd8+ Kf7 36. Qe8+ Kf6 37. Rf1+ Kg7 38. Qf8+ Kg6 39. Rf6+ Kg5 40. Qh6+ Kg4 41. Qh4# 1-0

[Event "Early-Titled-Tuesday-Blitz-March-05-2024"]
[Site "Chess.com"]
[Date "2024.03.05"]
[Round "3"]
[White "Ducke13"]
[Black "Ralf61"]
[Result "0-1"]
[WhiteElo "2348"]
[BlackElo "2573"]
[TimeControl "180+1"]
[EndTime "8:31:24 PST"]
[Termination "Ralf61 won on time"]

1. Nf3 Nf6 2. c4 b6 3. g3 Bb7 4. Bg2 c5 5. O-O e6 6. Nc3 Be7 7. d4 cxd4 8. Qxd4 d6 9. Rd1 a6 10. b3 Nbd7 11. Bb2 O-O 12. Rac1 Re8 13. Ng5 Bxg2 14. Kxg2 Qc7 15. Nce4 h6 16. Nf3 Nc5 17. Nxd6 Red8 18. b4 Rxd6 19. Qf4 Nce4 20. Be5 Qc6 21. b5 Qd7 22. Bxd6 Bxd6 23. Ne5 Qc7 24. Rxd6 Qxd6 25.
Nc6 Qxf4 26. gxf4 axb5 27. cxb5 Rxa2 28. Re1 Nc5 29. Ne5 Nd5 30. Kf3 Rb2 31. Nc4 Rxb5 32. e4 Rb3+ 33. Ne3 Nxe3 34. fxe3 Kf8 35. h4 Ke7 36. h5 Rb2 37. Rg1 Kf8 38. Rd1 Rh2 39.
Rd8+ Ke7 40. Rg8 Rh3+ 41. Ke2 Nxe4 42. Rxg7 Rxh5 43. Kd3 Nf6 44. Rg2 Rh1 45. Rb2 Nd7 0-1

[Event "Early-Titled-Tuesday-Blitz-March-05-2024"]
[Site "Chess.com"]
[Date "2024.03.05"]
[Round "3"]
[White "Knightmare1014"]
[Black "goodnigth"]
[Result "1-0"]
[WhiteElo "2331"]
[BlackElo "1948"]
[TimeControl "180+1"]
[EndTime "8:31:24 PST"]
[Termination "Knightmare1014 won on time"]

1. e4 c5 2. Nf3 d6 3. Bb5+ Bd7 4. Bxd7+ Qxd7 5. c4 Nf6 6. Nc3 Nc6 7. d4 cxd4 8. Nxd4 g6 9. f3 Bg7 10. Be3 O-O 11.
Qd2 a6 12. O-O Rab8 13. Rac1 Nxd4 14. Bxd4 b5 15. cxb5 axb5 16. Bxf6 Bxf6 17. Nd5 Qa7+ 18. Kh1 Bg7 19. Rc7 Qxa2 20. Nxe7+ Kh8 21. Qxd6 Qxb2 22. Nc6 Ra8 23. h3 Ra2 24. Rg1 h5 25. Rb7 Ra1 26.
Rxa1 Qxa1+ 27. Kh2 Qa6 28. Rc7 Qa4 29. Qf4 Qa1 30.
Re7 Qa2 31. Rb7 Qc4 32. Ne7 Qc5 33. Nd5 Qc6 34. Re7 Qc5 35. Rc7 1-0

[Event "Early-Titled-Tuesday-Blitz-March-05-2024"]
[Site "Chess.com"]
[Date "2024.03.05"]
[Round "3"]
[White "Fandorine"]
[Black "Kildepiotr"]
[Result "1-0"]
[WhiteElo "2939"]
[BlackElo "2687"]
[TimeControl "180+1"]
[EndTime "8:31:26 PST"]
[Termination "Fandorine won by resignation"]

1. d4 Nf6 2. c4 c5 3. Nf3 cxd4 4. Nxd4 Nc6 5. Nc3 e5 6. Nc2 Bc5 7. g3 d6 8. Bg2 Be6 9. b3 O-O 10. O-O Rc8 11. Be3 a6 12. Rc1 Qa5 13. Qd2 Rfd8 14. Rfd1 Ng4 15. Bxc5 dxc5 16. Qe1 Rxd1 17. Rxd1 Nd4 18.
Nd5 Qxe1+ 19. Nxe1 Bxd5 20. Bxd5 Rc7 21. e3 Ne2+ 22. Kf1 Nc3 23. Rd3 Nxa2 24. Bf3 h5 25. Rd8+ Kh7 26. Kg2 b5 27. Ra8 bxc4 28. bxc4 Nb4 29.
Be4+ g6 30. Nf3 Kg7 31. Bb1 f6 32. h3 Nh6 33. Re8 Nf7 34. Nh4 f5 35. g4 hxg4 36.
hxg4 Nd6 37. Re6 Nxc4 38. Rxg6+ Kf7 39. Bxf5 Nd2 40. Rh6 Ke7 41. g5 a5 42. g6 Kf6 43. g7+ 1-0

[Event "Early-Titled-Tuesday-Blitz-March-05-2024"]
[Site "Chess.com"]
[Date "2024.03.05"]
[Round "3"]
[White "RianKapriaga"]
[Black "Let_it_be_1"]
[Result "0-1"]
[WhiteElo "2297"]
[BlackElo "2574"]
[TimeControl "180+1"]
[EndTime "8:31:26 PST"]
[Termination "Let_it_be_1 won on time"]

1. d4 d5 2. Nf3 e6 3. Bf4 Bd6 4. Bg3 Nf6 5. e3 b6 6. Nbd2 O-O 7. Bd3 Ba6 8. c4 c5 9. O-O Bxg3 10. hxg3 Nc6 11.
Qe2 cxd4 12. exd4 dxc4 13. Bxc4 Bb7 14. Qe3 Qd6 15. Rfd1 Rfd8 16. Nf1 Rac8 17. Rac1 Qb4 18. Qe2 h6 19. a3 Qd6 20. Qe3 Na5 21. Ba2 Bd5 22. Bb1 Nb3 23. Rxc8 Rxc8 24. Ne5 Na5 25. Nd2 Rc7 26. g4 Nc6 27. g5 hxg5 28. Qxg5 Nxd4 29. Ndf3 Nxf3+ 30. gxf3 Rc5 31. f4 Qf8 32.
Kh2 Be4 0-1